 Seeded DCSS version 0.31-a0-128-g25add195a6 (webtiles) character file.

Game seed: 10374401916855258678 (custom seed)

327 Pimp the Sneak (level 6, -9/47 HPs)
             Began as a Demonspawn Brigand on June 1, 2023.
             Mangled by an ogre
             ... wielding a +0 giant club
              (29 damage)
             ... on level 4 of the Dungeon.
             The game lasted 00:08:34 (4214 turns).

Pimp the Sneak (Demonspawn Brigand)                 Turns: 4214, Time: 00:08:35

Health: -9/47      AC:  8    Str: 12      XL:     6   Next: 24%
Magic:  8/8        EV: 12    Int: 12      God:
Gold:   288        SH:  0    Dex: 15 (16) Spells: 8/8 levels left

rFire   . . .        a - +3 dagger
rCold   + . .        (no shield)
rNeg    . . .        l - +0 leather armour
rPois   .            (no helmet)
rElec   .            c - +0 cloak
rCorr   .            i - +0 pair of gloves
SInv    .            j - +0 pair of boots
Will    .....        (no amulet)
Stlth   ++           q - ring of protection from cold
HPRegen 0.27/turn    (no ring)
MPRegen 0.11/turn

%: no passive effects
@: no status effects
A: slimy green scales 1
a: no special abilities


You were on level 4 of the Dungeon.
You visited 1 branch of the dungeon, and saw 4 of its levels.

You collected 288 gold pieces.

Inventory:

Hand Weapons
 a - a +3 dagger (weapon)
Armour
 b - a +0 robe
 c - a +0 cloak (worn)
 i - a +0 pair of gloves (worn)
 j - a +0 pair of boots (worn)
 l - a +0 leather armour (worn)
Jewellery
 q - a ring of protection from cold (left hand)
 t - a ring of resist corrosion
Wands
 u - a wand of acid (3)
Scrolls
 n - a scroll of magic mapping
 o - 2 scrolls of identify
 p - a scroll of acquirement {unknown}
Potions
 f - 2 potions of haste
 h - 3 potions of brilliance
 m - 2 potions of cancellation {unknown}
 r - a potion of might
 s - a potion of mutation {unknown}


   Skills:
 + Level 3.3 Fighting
 + Level 3.1 Short Blades
 + Level 3.2 Throwing
 + Level 2.5 Dodging
 - Level 3.9 Stealth
 + Level 1.9 Spellcasting


You had 8 spell levels left.
You didn't know any spells.
Your spell library contained the following spells:

 Spells                   Type           Power      Damage    Failure   Level
 Slow                     Hex            4%         N/A       34%         1
 Lesser Beckoning         Tloc           2%         N/A       47%         2
 Confusing Touch          Hex            1%         N/A       71%         3
 Vampiric Draining        Necr           1%         2d6       71%         3
 Anguish                  Hex/Necr       0%         N/A       98%         4
 Malign Gateway           Summ/Tloc      0%         N/A       100%        7


Dungeon Overview and Level Annotations

Branches:
Dungeon (4/15)
 Temple: D:4-7

Altars:

Shops:
D:1 !   D:2 *   D:4 *


Innate Abilities, Weirdness & Mutations

You are partially covered in slimy green scales. (AC +2)


Message History

You hit the gnoll.
You kill the gnoll!
No target in view!
No target in view!
Nothing quivered!
HP restored.
k - 3 atropa-tipped darts
Things that are here:
a +0 whip; a gnoll corpse
Found a stone staircase leading down.
There is a stone staircase leading down here.
An ogre comes into view. It is wielding a +0 giant club.
An ogre is nearby!
An ogre is nearby!
You throw an atropa-tipped dart. The atropa-tipped dart hits the ogre!
The ogre resists.
The ogre shouts!
You hit the ogre but do no damage.
The ogre hits you with a +0 giant club!!
You throw an atropa-tipped dart. The atropa-tipped dart hits the ogre!
The ogre appears confused.
You throw an atropa-tipped dart.
The atropa-tipped dart barely misses the ogre.
The ogre shouts!
Nothing quivered!
You hit the ogre but do no damage.
The ogre seems less confused.
The ogre completely misses you.
You barely miss the ogre. You hit the ogre.
The ogre is lightly wounded.
The ogre hits you with a +0 giant club!
* * * LOW HITPOINT WARNING * * *
You are too injured to fight recklessly!
You are too injured to fight recklessly!
You feel better.
You hit the ogre. You punch the ogre.
The ogre is moderately wounded.
The ogre hits you with a +0 giant club!!
Ouch! That really hurt!
You die...

#.#########
#..##.....#
#.#
#..##.#####
#.# ###
#[)##.# ###
#.# #(.
......# ...
#.# #(# ...
... #.# #.#
#. #.# #.#
#.# #O# #.#
#@# #.# #.#
#.#####.#
#.......#
#########


You could see an ogre (blind).

Vanquished Creatures
  A gnoll bouda (D:4)
  A jelly (D:4)
  A hound (D:4)
  Terence (D:3)
  Robin (D:2)
  7 gnolls
  3 adders
  A worm (D:4)
  3 dart slugs
  9 orcs
  6 ball pythons
  An endoplasm (D:4)
  7 giant cockroaches
  14 hobgoblins
  7 jackals (D:4)
  4 kobolds
  4 quokkas
  2 bats (D:2)
  2 frilled lizards
  12 goblins
  5 rats
92 creatures vanquished.

Notes
Turn   | Place    | Note
-------+----------+-------------------------------------------
     0 | D:1      | Pimp the Demonspawn Brigand began the quest for the Orb.
     0 | D:1      | Reached XP level 1. HP: 16/16 MP: 1/1
    63 | D:1      | Reached skill level 1 in Dodging
   103 | D:1      | Found Voal's Distillery.
   133 | D:1      | Gained mutation: You are partially covered in slimy green
                  | scales. (AC +2) [demonic ancestry]
   133 | D:1      | Reached XP level 2. HP: 7/22 MP: 2/2
   415 | D:1      | Got the Secrets of Geometries and the Curse
   771 | D:2      | Found Urphatuci's General Store.
   944 | D:2      | Reached XP level 3. HP: 28/28 MP: 3/3
  1190 | D:2      | Noticed Robin
  1225 | D:2      | Killed Robin
  1226 | D:2      | Reached XP level 4. HP: 8/34 MP: 4/4
  1761 | D:2      | Found a faded altar of an unknown god.
  2086 | D:3      | Noticed Terence
  2090 | D:3      | Killed Terence
  2091 | D:3      | Reached skill level 1 in Spellcasting
  2332 | D:3      | Identified the +1 pair of boots of the Unseen Realm {rElec
                  | Int+4 Dex-4}
  3040 | D:3      | Reached XP level 5. HP: 40/40 MP: 6/6
  3495 | D:4      | Found Yqyifero's Assorted Antiques.
  3875 | D:4      | Reached XP level 6. HP: 28/47 MP: 8/8
  4214 | D:4      | Mangled by an ogre

Illustrated notes

Levels and vault maps discovered:
D:1:      minmay_arrival_cross, layout_basic, serial_shops, shop_statue,
          minmay_octomino_j4
D:2:      layout_basic, shapermc_ecumenical_altar_ellora, serial_shops, shop,
          uniq_robin
D:3:      mumra_celtic_spiral_tile, layout_loops_corners, uniq_terence
D:4:      layout_loops_ring, nicolae_uskayaw_suspiria, serial_shops,
          nicolae_square_shop

Skill      XL: |  1  2  3  4  5 |
---------------+----------------+-----
Dodging        | 1 2 |  2.5
Short Blades   | 2 3 |  3.1
Throwing       | 2 3 |  3.2
Spellcasting   | 1 |  1.9
Fighting       | 3 |  3.3
Stealth        | |  3.9

Action                     |  1- 3 |  4- 6 || total
---------------------------+-------+-------++-------
  Melee: Dagger            |   103 |   132 ||   235
         Punch             |     1 |     3 ||     4
  Throw: Dart              |    45 |    82 ||   127
    Use: Potion            |     3 |     4 ||     7
         Scroll            |     2 |     5 ||     7
   Stab: Sleeping          |     5 |     3 ||     8
         Invisible         |       |     1 ||     1
 Armour: Robe              |     5 |       ||     5
         Leather armour    |    44 |    46 ||    90
  Dodge: Dodged            |    64 |    87 ||   151

Table legend: (Time is in decaauts)
 A = Elapsed time spent in this place.
 B = Non-inter-level travel time spent in this place.
 C = Inter-level travel time spent in this place.
 D = Time resting spent in this place.
 E = Time spent auto-exploring this place.
 F = Levels seen in this place.
 G = Mean time per level.
                   A        B        C        D        E       F      G
               +--------+--------+--------+--------+--------+-----+--------+
         Total |   4169 |   3945 |    224 |    448 |   2679 |   4 | 1042.2 |
       Dungeon |   4169 |   3945 |    224 |    448 |   2679 |   4 | 1042.2 |
               +--------+--------+--------+--------+--------+-----+--------+

Top non-repeatable levels by time:
     D:3: 1340 daAuts
     D:2: 1289 daAuts
     D:4: 776 daAuts
     D:1: 763 daAuts
